 Dungeon Crawl Stone Soup version 0.24-a0-584-g9d6b971ae4 (webtiles) character file.

Game seed: 274238921763816110, levelgen mode: deterministic

179 Gynju the Shooter (level 5, -1/45 HPs)
             Began as a Centaur Hunter on Sept 3, 2019.
             Slain by Duvessa
             ... wielding a +1 short sword of venom
              (6 damage)
             ... on level 4 of the Dungeon.
             The game lasted 00:06:41 (3857 turns).

Gynju the Shooter (Centaur Hunter)                  Turns: 3857, Time: 00:06:41

Health: -1/45      AC:  7    Str: 16    XL:     5   Next: 32%
Magic:  5/5        EV:  5    Int: 10    God:
Gold:   180        SH:  0    Dex:  9    Spells: 4/4 levels left

rFire    . . .     SeeInvis .   a - +1 shortbow
rCold    . . .     Gourm    .   (shield currently unavailable)
rNeg     . . .     Faith    .   t - +0 chain mail
rPois    .         Spirit   .   (no helmet)
rElec    .         Reflect  .   (no cloak)
rCorr    .         Harm     .   (no gloves)
MR       .....                  (no barding)
Stlth    ..........             (no amulet)
HPRegen  0.15/turn              (no ring)
MPRegen  0.09/turn              (no ring)

@: lethally poisoned (-1 -> -30), very quick
A: large, hooves 3, deformed body, speed 2, tough skin 3
a: no special abilities


You were on level 4 of the Dungeon.
You were not hungry.

You visited 1 branch of the dungeon, and saw 4 of its levels.

You collected 180 gold pieces.

Inventory:

Hand Weapons
 a - a +1 shortbow (weapon)
 b - a +0 vampiric trident
Missiles
 d - 13 arrows (quivered)
Armour
 t - a +0 chain mail (worn)
Wands
 y - a wand of enslavement (4)
 z - a wand of iceblast (8)
Scrolls
 c - a scroll of magic mapping {unknown}
 e - 2 scrolls of enchant armour {unknown}
 h - 3 scrolls of remove curse {unknown}
 i - 4 scrolls of identify {unknown}
 m - 4 scrolls of enchant weapon {unknown}
 p - a scroll of teleportation {unknown}
 r - a scroll of blinking {unknown}
 w - a scroll of fear {unknown}
 x - 2 scrolls of immolation {unknown}
Potions
 g - 2 potions of flight {unknown}
 j - a potion of resistance {unknown}
 k - 5 potions of curing {unknown}
 l - a potion of degeneration {unknown}
 n - 2 potions of might {unknown}
 q - a potion of haste {unknown}
 s - a potion of heal wounds {unknown}
 u - a potion of brilliance {unknown}
 v - a potion of mutation {unknown}
 A - a potion of lignification {unknown}
Comestibles
 f - 7 rations


   Skills:
 + Level 3.4 Fighting
 + Level 6.5 Bows
 + Level 1.2 Armour
 - Level 1.9 Dodging
 - Level 1.2 Stealth


You had 4 spell levels left.
You didn't know any spells.
Your spell library was empty.

Dungeon Overview and Level Annotations

Branches:
Dungeon (4/15)
 Temple: D:4-7

Altars:

Shops:
D:4 :

Annotations:
D:3 2 transporters, Sassenached's ghost, amateur DsWn
D:4 Dowan; Duvessa


Innate Abilities, Weirdness & Mutations

You have hooves in place of feet.
Armour fits poorly on your strangely shaped body.
You cover ground very quickly.
You have extremely tough skin. (AC +3)


Message History

You are more poisoned.
Duvessa hits you with a +1 short sword of venom.
You are lethally poisoned!
You climb upwards.
Level annotation: 2 transporters, Sassenached's ghost, amateur DsWn You feel very sick.
There is a stone staircase leading down here.
You feel sick.
You climb downwards.
Level annotation: Dowan; Duvessa You feel very sick.
Duvessa hits you with a +1 short sword of venom!
* * * LOW HITPOINT WARNING * * *
You are more poisoned.
Duvessa closely misses you.
There is a stone staircase leading up, spattered with blood here.
* * * LOW HITPOINT WARNING * * *
You feel very sick.
Duvessa hits you with a +1 short sword of venom.
You die...

#####
#########...########
#.......'..8.8.8.#..
#.#######...⌠.⌠..#.#
#..@....#..8.∩.8.#.#
#.e.....#...⌠.⌠..#.#
#.......#..8.8.8.#..
#.......#...####.###
#.).....##### #.#
#..e....########.#
#................#
#.#.......######.#
#########.####..#..##
###


You could see Duvessa and Dowan.

Vanquished Creatures
  A worker ant (D:4)
  2 orc wizards (D:4)
  3 adders
  4 oozes
  2 worms (D:4)
  A dart slug (D:2)
  2 leopard geckos
  4 orcs (D:4)
  3 giant cockroaches
  3 goblins
  3 hobgoblins
  A quokka (D:2)
  10 bats
  5 frilled lizards
  2 kobolds
  3 rats
49 creatures vanquished.

Notes
Turn   | Place    | Note
-------+----------+-------------------------------------------
     0 | D:1      | Gynju the Centaur Hunter began the quest for the Orb.
     0 | D:1      | Reached XP level 1. HP: 17/17 MP: 1/1
   231 | D:1      | Reached XP level 2. HP: 22/24 MP: 2/2
   598 | D:1      | You fall into a shaft and drop 1 floor!
   982 | D:2      | Reached skill level 1 in Stealth
  1346 | D:2      | Reached XP level 3. HP: 26/30 MP: 3/3
  2191 | D:3      | Found a transporter.
  2240 | D:3      | Found a transporter.
  2576 | D:3      | Noticed Sassenached's ghost (amateur DsWn)
  2785 | D:3      | Reached XP level 4. HP: 36/37 MP: 4/4
  3105 | D:4      | Found Hukod's Book Shop.
  3209 | D:4      | Reached skill level 6 in Bows
  3534 | D:4      | Reached skill level 1 in Armour
  3534 | D:4      | Reached XP level 5. HP: 30/45 MP: 5/5
  3809 | D:4      | Noticed Dowan
  3810 | D:4      | Noticed Duvessa
  3857 | D:4      | Slain by Duvessa

Levels and vault maps discovered:
D:1:      minmay_arrival_semitransparent, layout_basic
D:2:      layout_loops_ring
D:3:      layout_basic, gammafunk_ghost_stat_death
D:4:      minmay_inner_zag, layout_basic, first_ration, serial_shops,
          nicolae_shop_temple_entry_statues_fountains, minmay_distorted,
          uniq_duvessa

Skill      XL: |  1  2  3  4 |
---------------+-------------+-----
Stealth        | 1 |  1.2
Bows           | 6 |  6.5
Fighting       | 3 |  3.4
Armour         | 1 |  1.2
Dodging        | |  1.9

Action                   |  1- 3 |  4- 6 || total
-------------------------+-------+-------++-------
Melee: Short sword       |    87 |       ||    87
       Kick              |    23 |    12 ||    35
       War axe           |    41 |    53 ||    94
       Long sword        |     5 |       ||     5
       Trident           |       |     2 ||     2
 Fire: Shortbow          |       |     7 ||     7
  Eat: Chunk             |     4 |     3 ||     7
Armor: Leather armour    |    41 |       ||    41
       Chain mail        |    42 |    52 ||    94
Dodge: Dodged            |    74 |    34 ||   108
       Rpst.: Long sword |     1 |       ||     1

Table legend:
 A = Non-vault XP
 B = Vault XP
 C = Vault XP percentage of total XP
 D = Non-vault monster count
 E = Vault monster count
 F = Vault count percentage of total count
                 A         B        C        D         E       F
            +---------+---------+-------+---------+---------+-------
      Total |     182 |      74 |  28.9 |      46 |       3 |   6.1
            +---------+---------+-------+---------+---------+-------
        D:1 |      26 |       0 |   0.0 |      13 |       0 |   0.0
        D:2 |      50 |       0 |   0.0 |      12 |       0 |   0.0
        D:3 |      30 |       0 |   0.0 |      11 |       0 |   0.0
        D:4 |      76 |      74 |  49.3 |      10 |       3 |  23.1
            +---------+---------+-------+---------+---------+-------
